 Dungeon Crawl Stone Soup version 0.30-a0-54-g2e61a25929 (webtiles) character file.

Game seed: 11611145810628128277

331 jlumianski the Chopper (level 6, 0/47 HPs)
             Began as a Demonspawn Gladiator on Sept 6, 2022.
             Slain by a gnoll
             ... wielding a +0 halberd
             ... led by a gnoll bouda
              (12 damage)
             ... on level 4 of the Dungeon on Sept 8, 2022.
             The game lasted 00:14:20 (3708 turns).

jlumianski the Chopper (Demonspawn Gladiator)       Turns: 3708, Time: 00:14:20

Health: 0/47       AC:  6    Str: 16    XL:     6   Next: 26%
Magic:  6/6        EV: 12    Int:  9    God:
Gold:   152        SH:  4    Dex: 15    Spells: 5/5 levels left

rFire   . . .      SeeInvis .    a - +1 war axe
rCold   . . .      Faith    .    (no shield)
rNeg    + . .      Spirit   .    q - +0 ring mail
rPois   .          Reflect  .    c - +0 helmet
rElec   .          Harm     .    (no cloak)
rCorr   .          Rampage  .    (no gloves)
Will    .....                    (no boots)
Stlth   +.........               t - amulet of regeneration
HPRegen 0.95/turn                n - ring of positive energy
MPRegen 0.10/turn                (no ring)

@: no status effects
A: powered by pain 1, condensation shield, weakness stinger 2
a: no special abilities


You were on level 4 of the Dungeon.
You visited 1 branch of the dungeon, and saw 6 of its levels.

You collected 152 gold pieces.

Inventory:

Hand Weapons
 a - a +1 war axe (weapon)
 y - the +6 dagger of Pride {vorpal, Will+ Str+2 SInv}
   (You found it on level 4 of the Dungeon)

   It inflicts extra damage upon your enemies.
   Str:       It affects your strength (+2).
   SInv:      It lets you see invisible.
   Will:      It increases your willpower.
Missiles
 d - 3 throwing nets
 e - a javelin
 h - 44 stones
 s - 7 boomerangs (quivered)
Armour
 b - a +0 leather armour
 c - a +0 helmet (worn)
 q - a +0 ring mail (worn)
Jewellery
 n - a ring of positive energy (left hand)
 t - an amulet of regeneration (around neck)
 v - a ring of fire
Wands
 o - a wand of acid (4)
Scrolls
 f - 2 scrolls of teleportation
 j - 2 scrolls of silence
 p - a scroll of fear
 r - a scroll of immolation
Potions
 g - a potion of curing
 i - a potion of resistance
 k - a potion of cancellation {unknown}
 l - a potion of might {unknown}
 m - a potion of mutation {unknown}
 u - a potion of haste {unknown}
 w - a potion of degeneration {unknown}
 x - a potion of magic {unknown}
 z - a potion of attraction {unknown}


   Skills:
 + Level 3.2 Fighting
 + Level 4.6 Axes
 + Level 1.9 Throwing
 + Level 1.7 Armour
 + Level 4.0 Dodging
 + Level 0.2 Stealth


You had 5 spell levels left.
You didn't know any spells.
Your spell library contained the following spells:

 Spells                   Type           Power      Damage    Failure   Level
 Static Discharge         Conj/Air       0%         3-3/arc   75%         2
 Dispel Undead            Necr           0%         3d6       100%        4
 Sticky Flame             Conj/Fire      0%         2d3       100%        4
 Summon Ice Beast         Ice/Summ       0%         N/A       100%        4
 Summon Mana Viper        Hex/Summ       0%         N/A       100%        5
 Monstrous Menagerie      Summ           0%         N/A       100%        7


Dungeon Overview and Level Annotations

Branches:
Dungeon (6/15)
 Temple: D:4-7

Altars:

Annotations:
D:4 1 transporter


Innate Abilities, Weirdness & Mutations

You sometimes gain a little power by taking damage.
A meltable shield of frost defends you. (SH +4)
You have a tail ending in a sharp stinger.


Message History

The gnoll is severely wounded.
You hit the gnoll bouda.
The gnoll bouda is moderately wounded.
The gnoll hits you but does no damage.
The gnoll hits you from afar with a +0 halberd.
You hit the gnoll bouda.
The gnoll bouda is severely wounded.
The gnoll bouda calls upon its god to heal the gnoll.
The gnoll is healed somewhat.
You block the gnoll's attack. The gnoll bouda closely misses you.
You slash the gnoll bouda!
You kill the gnoll bouda!
The gnoll barely misses you.
Your Fighting skill increases to level 3!
The gnoll barely misses you. The gnoll hits you with a +0 halberd!
Things that are here:
a +0 whip; a +0 robe; a gnoll corpse You closely miss the gnoll.
The gnoll is moderately wounded.
The gnoll hits you from afar with a +0 halberd.
The gnoll closely misses you. x2; The gnoll barely misses you.
You closely miss the gnoll.
The gnoll is moderately wounded.
The gnoll is no longer moving quickly.
The gnoll closely misses you. The gnoll hits you with a +0 halberd!
You hit the gnoll.
The gnoll is heavily wounded.
The gnoll hits you from afar with a +0 halberd!
You block the gnoll's attack.
You closely miss the gnoll.
The gnoll is heavily wounded.
You block the gnoll's attack. The gnoll hits you but does no damage.
The gnoll closely misses you.
The gnoll hits you from afar with a +0 halberd!
* * * LOW HITPOINT WARNING * * *
You slash the gnoll!
You kill the gnoll!
You block the gnoll's attack.
The gnoll hits you from afar with a +0 halberd!
You die...

#.....###.#.##.#......
#[....................
#.....###.#....#......
#.....###.#.#####.####
###.......#.......# #
#########.####### # #.#
# #.######### #.# #
#...g)g.@.# #.# ##
....#######.####.#######
#. . #......#.....###.
########.###.##..
#<###.##.. ##.#.......
#.......#.# #..#<#..#..
#.......###


You could see 2 gnolls.

Vanquished Creatures
  A scorpion (D:4)
  An orc priest (D:3)
  A gnoll bouda (D:4)
  Ijyb (D:2)
  Natasha (D:2)
  An iguana (D:5)
  A gnoll (D:4)
  3 adders
  3 worms
  4 dart slugs
  5 orcs
  5 ball pythons
  5 endoplasms
  6 giant cockroaches
  13 goblins
  5 hobgoblins
  5 jackals
  5 kobolds
  2 quokkas
  7 bats
  3 frilled lizards
  7 rats
85 creatures vanquished.

Notes
Turn   | Place    | Note
-------+----------+-------------------------------------------
     0 | D:1      | jlumianski the Demonspawn Gladiator began the quest for the
                  | Orb.
     0 | D:1      | Reached XP level 1. HP: 16/16 MP: 1/1
   165 | D:1      | Upgraded the game from 0.30-a0-52-g86a8295270 to
                  | 0.30-a0-54-g2e61a25929
   202 | D:1      | Gained mutation: You have a small tail. [demonic ancestry]
   202 | D:1      | Reached XP level 2. HP: 18/22 MP: 2/2
  1089 | D:1      | Found a faded altar of an unknown god.
  1148 | D:1      | Gained mutation: You have a tail ending in a sharp stinger.
                  | [demonic ancestry]
  1148 | D:1      | Reached XP level 3. HP: 20/27 MP: 3/3
  1546 | D:2      | Noticed Ijyb
  1976 | D:2      | HP: 1/27 [Ijyb/+0 dagger (4)]
  1978 | D:2      | Killed Ijyb
  1979 | D:2      | Reached skill level 1 in Armour
  1979 | D:2      | Reached XP level 4. HP: 13/34 MP: 4/4
  2870 | D:3      | Noticed Natasha
  2948 | D:2      | Killed Natasha
  2949 | D:2      | Gained mutation: You sometimes gain a little power by
                  | taking damage. [demonic ancestry]
  2949 | D:2      | Reached XP level 5. HP: 35/39 MP: 5/5
  3474 | D:4      | Gained mutation: A meltable shield of frost defends you.
                  | (SH +4) [demonic ancestry]
  3474 | D:4      | Reached XP level 6. HP: 46/46 MP: 6/6
  3476 | D:5      | Entered Level 5 of the Dungeon
  3544 | D:4      | Found a transporter.
  3594 | D:4      | Identified the +6 dagger of Pride {vorpal, Will+ Str+2
                  | SInv}
  3708 | D:4      | Slain by a gnoll

Illustrated notes

Levels and vault maps discovered:
D:1:      dpeg_arrival_orchard, layout_loops_corners,
          shapermc_ecumenical_altar_totnotflames, glass_columns_b,
          corexii_leaking_fountain
D:2:      kennysheep_the_goblin_king, layout_rooms, guppyfry_early_orc_mine
D:3:      layout_rooms, kennysheep_generic_room_6, uniq_natasha
D:4:      layout_loops_cross, temple_pool_b, gammafunk_ghost_stat_death,
          uniq_duvessa
D:5:      layout_basic
D:6:      layout_basic, nicolae_gozag_seed_capital,
          mainiacjoe_overflow_small_starburst, chequers_serial_rivers_micro_d,
          nicolae_shop_sticking_my_neck_out, uniq_sigmund

Skill      XL: |  1  2  3  4  5  6 |
---------------+-------------------+-----
Dodging        | 3 4 |  4.0
Axes           | 3 4 |  4.6
Armour         | 1 |  1.7
Fighting       | 3 |  3.2
Throwing       | |  1.9
Stealth        | |  0.2

Action                   |  1- 3 |  4- 6 || total
-------------------------+-------+-------++-------
Melee: War axe           |   121 |   127 ||   248
       Tailslap          |    11 |    15 ||    26
       Punch             |     1 |     1 ||     2
Throw: Boomerang         |       |     2 ||     2
  Use: Potion            |     1 |       ||     1
       Scroll            |       |     9 ||     9
Armor: Leather armour    |    50 |       ||    50
       Ring mail         |       |    44 ||    44
Dodge: Dodged            |    89 |   112 ||   201
Block: Other             |       |     7 ||     7

Table legend: (Time is in decaauts)
 A = Elapsed time spent in this place.
 B = Non-inter-level travel time spent in this place.
 C = Inter-level travel time spent in this place.
 D = Time resting spent in this place.
 E = Time spent auto-exploring this place.
 F = Levels seen in this place.
 G = Mean time per level.
                   A        B        C        D        E       F      G
               +--------+--------+--------+--------+--------+-----+--------+
         Total |   3804 |   3773 |     31 |    831 |   1575 |   6 |  634.0 |
       Dungeon |   3804 |   3773 |     31 |    831 |   1575 |   6 |  634.0 |
               +--------+--------+--------+--------+--------+-----+--------+

Top non-repeatable levels by time:
     D:1: 2141 daAuts
     D:2: 833 daAuts
     D:3: 563 daAuts
     D:4: 227 daAuts
     D:5: 37 daAuts
     D:6: 1 daAuts
